Map: Ancient Cistern LE

Players

HonMonO - Winner!

  • Race: Terran Terran
  • League: Grandmaster
  • Spawn Location: 1:00

llllllllllll

  • Race: Protoss Protoss
  • League: Grandmaster
  • Spawn Location: 7:00

VOD

Have the link to the VOD?

Description

Time

  • Played on: June 28, 2023, 9:27 a.m.
  • Length: 12:09
Show
View Real Time Build Order
Export as new Build Order

HonMonO Terran - Winner!

Build Orders:  

Get SALT Encoding   

  12  0:00  SCV  
  13  0:12  SCV  
  14  0:16  Supply Depot  
  14  0:24  SCV  
  15  0:38  SCV  
  15  0:40  Barracks  
  16  0:44  Refinery  
  16  0:50  SCV  
  17  1:02  SCV  
  18  1:14  SCV  
  19  1:27  Marine  
  19  1:28  Orbital Command  
  20  1:44  Command Center  
  20  1:46  Barracks Reactor  
  20  1:52  Supply Depot  
  20  1:54  SCV  
  21  2:07  SCV  
  22  2:14  Barracks  
  22  2:19  SCV  
  22  2:21  Engineering Bay  
  23  2:23  Marine x2  
  25  2:31  SCV  
  25  2:33  Barracks  
  26  2:41  Marine x2  
  26  2:44  SCV  
  29  2:51  Supply Depot  
  29  2:56  SCV  
  30  3:04  Orbital Command  
  30  3:05  Marine  
  30  3:06  Marine  
  30  3:07  Barracks Tech Lab  
  32  3:14  Terran Infantry Weapons Level 1  
  32  3:17  SCV  
  33  3:22  Barracks Tech Lab  
  33  3:25  Stimpack  
  33  3:28  Marauder  
  33  3:30  Marine x2  
  33  3:33  SCV  
  38  3:35  SCV  
  38  3:40  Refinery  
  39  3:45  Combat Shield, SCV  
  39  3:47  SCV  
  41  3:53  Marine x2  
  41  3:54  Marauder  
  45  3:57  SCV  
  45  3:58  Supply Depot  
  45  4:00  SCV  
  47  4:03  Marauder  
  47  4:09  SCV, Missile Turret  
  50  4:12  Marine x2, SCV  
  53  4:20  Marauder  
  53  4:21  SCV  
  53  4:24  SCV  
  57  4:25  Marauder  
  59  4:32  Marine x2  
  59  4:33  SCV  
  59  4:35  Supply Depot  
  59  4:37  Supply Depot  
  62  4:38  SCV  
  62  4:43  Marauder  
  65  4:53  SCV  
  65  4:55  SCV  
  65  4:56  Marine  
  65  4:57  Command Center  
  65  4:58  Marine  
  69  5:04  Marauder  
  69  5:05  SCV  
  69  5:06  Concussive Shells  
  71  5:09  SCV  
  69  5:18  Marine  
  69  5:19  Marauder, SCV  
  72  5:23  SCV  
  72  5:25  Marine  
  72  5:32  SCV  
  61  5:36  Marine  
  61  5:38  Terran Infantry Armor Level 1  
  61  5:40  SCV  
  61  5:41  Factory  
  59  5:44  Refinery  
  59  5:45  Marine, Barracks  
  59  5:46  Refinery, Barracks  
  60  5:50  Marauder, Bunker  
  60  5:55  Marine, Marauder  
  60  5:56  SCV  
  66  5:57  SCV  
  66  6:02  Supply Depot  
  66  6:03  Marine  
  68  6:09  SCV  
  69  6:11  Marauder  
  69  6:12  Marine, Orbital Command  
  72  6:19  Marauder  
  72  6:21  SCV  
  75  6:27  Marine  
  75  6:30  Marine  
  75  6:32  Marine, Factory Tech Lab  
  67  6:42  Barracks Tech Lab x2  
  67  6:44  SCV x2  
  59  6:54  SCV  
  60  7:02  Marine x3  
  60  7:05  SCV  
  60  7:06  Ghost Academy  
  60  7:08  Starport  
  64  7:10  SCV x2  
  64  7:15  Marine  
  67  7:21  Marine  
  67  7:22  Marauder, SCV  
  69  7:27  SCV  
  70  7:32  Marine, Marauder  
  70  7:34  SCV x2  
  70  7:35  Factory Reactor  
  75  7:38  Ghost, Supply Depot x2, Marauder  
  75  7:39  Marine, SCV  
  75  7:43  Marine  
  82  7:46  SCV  
  82  7:50  Marine  
  66  8:00  Marine, Marauder  
  66  8:02  SCV  
  66  8:03  SCV  
  66  8:04  SCV, Command Center  
  65  8:13  Armory  
  65  8:14  SCV  
  65  8:15  SCV  
  65  8:16  SCV  
  65  8:18  Marine x2  
  65  8:19  Marine, Marauder  
  73  8:24  Medivac x2  
  73  8:27  SCV x2  
  79  8:30  Refinery  
  79  8:31  Refinery  
  79  8:33  SCV  
  79  8:34  Bunker  
  80  8:37  Marine x2  
  80  8:39  SCV  
  83  8:42  Marine, Marauder  
  83  8:46  Marauder  
  83  8:47  SCV  
  83  8:48  SCV  
  90  8:49  Marine  
  90  8:54  Marine, SCV  
  93  8:59  SCV  
  93  9:02  Marine, Marauder  
  96  9:03  Marine  
  96  9:06  SCV  
  96  9:07  Medivac x2, SCV  
  103  9:13  Terran Infantry Weapons Level 2  
  103  9:15  SCV  
  104  9:25  SCV  
  104  9:27  SCV  
  104  9:28  Marine x2, Marauder  
  104  9:29  SCV  
  111  9:33  Ghost  
  111  9:37  Planetary Fortress  
  113  9:40  Marine  
  113  9:41  Marauder  
  113  9:42  SCV  
  117  9:46  Marine x2  
  117  9:47  Medivac  
  117  9:48  Medivac  
  117  9:49  SCV  
  117  9:50  Marauder  
  117  9:51  Missile Turret  
  126  9:53  SCV  
  126  9:58  Marine, Supply Depot x2  
  128  10:02  Marine, Marauder  
  128  10:03  Marine  
  128  10:06  SCV x3  
  135  10:10  Ghost  
  135  10:12  Supply Depot  
  137  10:16  Ghost  
  137  10:20  Viking x2  
  143  10:23  Marine, Marauder  
  143  10:24  Engineering Bay  
  147  10:28  SCV  
  147  10:29  SCV  
  147  10:30  SCV, Missile Turret  
  147  10:32  Missile Turret  
  147  10:33  Missile Turret  
  147  10:35  Marine, Marauder  
  152  10:42  Marine, Marauder  
  155  10:43  SCV  
  155  10:44  Marine x2  
  155  10:48  Factory Reactor  
  158  10:51  SCV  
  158  10:52  SCV x2, Barracks  
  158  10:54  Marine  
  158  10:55  Barracks  
  158  10:56  Ghost  
  164  11:00  Marine  
  164  11:01  Ghost  
  164  11:02  Marine  
  164  11:03  Marine  
  141  11:11  Viking x2  
  141  11:12  Marine  
  141  11:18  Marine  
  147  11:21  Marauder  
  147  11:22  Marauder  
  147  11:23  SCV  
  147  11:24  Marine, SCV  
  154  11:29  Marine, Widow Mine  
  154  11:30  Widow Mine  
  154  11:31  Marauder  
  161  11:35  Marine  
  161  11:36  Refinery, Sensor Tower, Supply Depot  
  161  11:37  Supply Depot x2  
  162  11:42  Marauder  
Show
View Real Time Build Order
Export as new Build Order

llllllllllll Protoss 

Build Orders: 1 Gate Expand, Blink Stalkers 

Get SALT Encoding   

  12  0:00  Probe  
  13  0:12  Probe  
  14  0:18  Pylon  
  14  0:24  Probe (Chrono Boost)  
  15  0:37  Gateway  
  15  0:38  Probe (Chrono Boost)  
  16  0:44  Probe (Chrono Boost)  
  16  0:46  Assimilator  
  17  0:52  Probe  
  18  1:04  Probe  
  19  1:16  Probe  
  20  1:24  Cybernetics Core  
  20  1:35  Nexus  
  20  1:40  Pylon  
  20  1:43  Probe  
  21  1:49  Assimilator  
  21  1:55  Probe  
  21  1:58  Adept (Chrono Boost)  
  24  2:02  Warp Gate  
  24  2:07  Probe  
  25  2:18  Twilight Council  
  25  2:19  Probe  
  26  2:29  Stalker  
  28  2:32  Probe  
  29  2:37  Shield Battery  
  29  2:45  Probe  
  29  2:48  Probe  
  31  2:51  Blink (Chrono Boost)  
  31  2:57  Probe  
  32  3:00  Probe  
  33  3:09  Probe  
  33  3:12  Probe  
  35  3:19  Robotics Facility  
  35  3:21  Probe  
  35  3:22  Gateway  
  35  3:24  Probe  
  37  3:33  Pylon, Probe  
  38  3:39  Gateway, Probe  
  39  3:43  Pylon  
  39  3:45  Probe  
  40  3:52  Gateway  
  40  3:57  Stalker  
  40  3:59  Probe x2  
  44  4:07  Assimilator  
  44  4:11  Probe  
  44  4:12  Observer (Chrono Boost)  
  44  4:15  Probe  
  44  4:16  Stalker  
  49  4:21  Stalker  
  49  4:23  Probe  
  52  4:28  Pylon  
  54  4:34  Pylon  
  54  4:35  Stalker  
  56  4:43  Immortal  
  58  4:47  Stalker, Shield Battery  
  58  4:50  Pylon  
  60  4:54  Stalker  
  62  5:03  Stalker  
  62  5:04  Probe  
  62  5:05  Probe  
  66  5:14  Stalker  
  66  5:23  Stalker  
  66  5:26  Warp Prism (Chrono Boost)  
  66  5:29  Stalker x2  
  68  5:41  Stalker  
  70  5:44  Pylon  
  70  5:50  Nexus  
  70  5:51  Stalker  
  70  5:55  Pylon  
  72  5:58  Charge  
  72  6:03  Assimilator  
  72  6:07  Probe x2  
  74  6:16  Stalker x3  
  80  6:21  Stalker  
  65  6:42  Stalker x3  
  54  6:55  Stalker  
  54  6:59  Probe  
  57  7:02  Pylon  
  57  7:06  Probe  
  58  7:11  Nexus, Templar Archives, Probe  
  58  7:12  Pylon  
  59  7:18  Probe  
  54  7:23  Stalker x3  
  54  7:25  Probe  
  61  7:30  Probe  
  61  7:31  Shield Battery  
  61  7:35  Immortal (Chrono Boost)  
  66  7:49  Stalker x2  
  66  7:50  Psionic Storm  
  67  7:54  Stalker x2  
  59  8:03  Probe  
  59  8:05  Probe  
  59  8:12  Gateway  
  59  8:14  Zealot  
  59  8:15  Probe  
  59  8:17  Probe  
  63  8:23  Probe  
  63  8:24  Shield Battery  
  64  8:27  Gateway  
  64  8:31  Stalker  
  64  8:33  Probe  
  67  8:36  Probe x2  
  69  8:41  High Templar x2  
  73  8:50  Zealot  
  73  8:51  Probe  
  73  8:54  Gateway  
  76  8:56  Probe  
  76  8:57  Gateway  
  76  9:02  Zealot  
  77  9:08  Probe x2  
  77  9:09  Warp Prism (Chrono Boost)  
  81  9:10  High Templar  
  81  9:12  High Templar  
  85  9:17  Zealot  
  87  9:28  Stalker x2  
  87  9:29  Zealot  
  93  9:32  Gateway  
  91  9:39  Immortal (Chrono Boost), Pylon  
  91  9:41  Pylon  
  91  9:45  Stalker x2  
  99  9:53  Assimilator, Zealot x2  
  103  10:01  High Templar  
  103  10:03  Stalker x2  
  109  10:08  Zealot  
  109  10:10  Zealot x2  
  115  10:17  High Templar  
  115  10:19  Zealot  
  119  10:22  Pylon  
  119  10:26  Stalker  
  119  10:27  Stalker  
  123  10:31  Zealot  
  125  10:36  Pylon  
  125  10:37  Pylon  
  121  10:43  Stalker  
  121  10:46  Zealot x4  
  129  10:50  Zealot x2  
  119  11:10  Zealot x5  
  119  11:11  Zealot x4  
  137  11:28  Zealot x4  
  137  11:29  Stalker  
  137  11:30  Stalker  
  149  11:47  Pylon  
  149  11:50  Pylon  
  117  12:03  Nexus  
Tags
 
Add a new tag
Caveats
  • Supply blocks, unpowered buildings, or Contaminate may cause inaccurate times.
  • Supply counts are checked every 10 seconds.